 Dungeon Crawl Stone Soup version 0.23.2-1-ga50397a (webtiles) character file.

Game seed: 6451882807734277027

81266 smcx the Warrior (level 15, -4/144 HPs)
             Began as a Minotaur Berserker on May 8, 2019.
             Was an Elder of Trog.
             Killed by divine providence
             ... invoked by an orc high priest
              (13 damage)
             ... on level 2 of the Orcish Mines on May 9, 2019.
             The game lasted 02:13:31 (25577 turns).

smcx the Warrior (Minotaur Berserker)              Turns: 25577, Time: 02:13:31

Health: -4/144     AC: 19    Str: 27    XL:     15   Next: 26%
Magic:  14/14      EV:  7    Int:  4    God:    Trog [****..]
Gold:   2260       SH: 19    Dex: 11    Spells: 14/14 levels left

rFire    . . .     SeeInvis +   a - +1 war axe (chop)
rCold    + . .     Gourm    .   R - +0 large shield
rNeg     . . .     Faith    .   N - +2 ice dragon scales
rPois    .         Spirit   .   (helmet restricted)
rElec    .         Reflect  .   (no cloak)
rCorr    .         Harm     .   E - +0 pair of gloves
MR       +....                  P - +0 pair of boots
Stlth    ..........             x - amulet of regeneration
HPRegen  0.74/turn              C - ring of fire
MPRegen  0.14/turn              Y - ring of see invisible

@: about to teleport, berserk cooldown, hasted and slowed, heavily drained
A: retaliatory headbutt, horns 2
a: Berserk, Trog's Hand, Brothers in Arms, Renounce Religion


You were on level 2 of the Orcish Mines.
You worshipped Trog.
Trog was greatly pleased with you.
You were not hungry.

You visited 4 branches of the dungeon, and saw 24 of its levels.

You collected 2260 gold pieces.

Inventory:

Hand Weapons
 a - a +1 war axe of chopping (weapon)
 b - a +0 mace of crushing
 W - a +4 battleaxe
Armour
 B - a +1 scale mail of fire resistance
 E - a +0 pair of gloves (worn)
 N - +2 ice dragon scales (worn)
 P - a +0 pair of boots (worn)
 R - a +0 large shield (worn)
Jewellery
 w - an uncursed ring of positive energy
 x - an amulet of regeneration (around neck)
 C - a ring of fire (left hand)
 X - a +4 ring of dexterity
 Y - a ring of see invisible (right hand)
Wands
 v - a wand of disintegration (43)
 A - a wand of scattershot (9)
 D - a wand of flame (21)
 I - a wand of digging (10)
 L - a wand of enslavement (6)
 V - a wand of paralysis (8)
Scrolls
 d - a scroll of random uselessness {unknown}
 i - 3 scrolls of teleportation
 l - 6 scrolls of remove curse
 m - a scroll of noise {unknown}
 p - a scroll of torment {unknown}
 q - 2 scrolls of identify
 s - a scroll of silence {unknown}
 t - 7 scrolls of fog {unknown}
 y - 3 scrolls of magic mapping {unknown}
 F - 3 scrolls of blinking {unknown}
 H - a scroll of summoning {unknown}
 J - 5 scrolls of fear {unknown}
 Q - 4 scrolls of enchant weapon
 T - 2 scrolls of enchant armour
 U - 2 scrolls of acquirement {unknown}
 Z - a scroll of vulnerability {unknown}
Potions
 g - 2 potions of cancellation {unknown}
 h - a potion of mutation {unknown}
 j - 3 potions of curing
 k - 2 potions of berserk rage {unknown}
 n - a potion of brilliance {unknown}
 o - 2 potions of agility {unknown}
 r - 2 potions of magic {unknown}
 u - 6 potions of flight
 z - a potion of might
 G - 3 potions of haste
 O - a potion of degeneration {unknown}
 S - 3 potions of heal wounds {unknown}
Comestibles
 c - 15 rations


   Skills:
 + Level 16.3(13.2) Fighting
 + Level 16.2(13.2) Axes
 + Level 16.1(13.1) Armour
 - Level 2.1(0.0) Dodging
 - Level 15.0(12.0) Shields


You had 14 spell levels left.
You didn't know any spells.
Your spell library was empty.

Dungeon Overview and Level Annotations

Branches:
Dungeon (15/15)            Temple (1/1) D:5            Lair (6/6) D:8
  Swamp (0/4) Lair:4        Snake (0/4) Lair:3        Slime (0/5) Lair:5
    Orc (2/2) D:9          Vaults (0/5) D:13         Depths (0/5) D:15
    Elf: Orc:2

Altars:
Ashenzari
Cheibriados
Dithmenos
Elyvilon
Fedhas
Gozag
Hepliaklqana
Kikubaaqudgha
Makhleb
Nemelex Xobeh
Okawaru
Qazlal
Ru
Sif Muna
Trog
Uskayaw
Vehumet
Wu Jian
Xom
Yredelemnul
Zin
The Shining One
Jiyva

Shops:
D:14 (}

Annotations:
Lair:2 exclusion: 4 oklob plants


Innate Abilities, Weirdness & Mutations

You reflexively headbutt those who attack you in melee.
You have a pair of horns on your head.


Message History

The sixfirhy hits you. The sixfirhy shocks you! The sixfirhy hits you.
* * * LOW HITPOINT WARNING * * *
The sixfirhy shocks you!
* * * LOW HITPOINT WARNING * * *
You block the sixfirhy's attack. The smoke demon gestures at you.
Beogh smites you!
* * * LOW HITPOINT WARNING * * *
The orc high priest invokes the aid of Beogh against you.
Beogh smites you!
* * * LOW HITPOINT WARNING * * *
As you read the scroll of teleportation, it crumbles to dust.
You feel strangely unstable. You block the sixfirhy's attack.
The sixfirhy barely misses you. You furiously retaliate!
You headbutt the sixfirhy. You block the sixfirhy's attack.
The sixfirhy hits you but does no damage.
The orc high priest invokes the aid of Beogh against you.
Beogh smites you!
You die...

...............#.....#...##......
........................(#...#.#.
.........................).......
..................##.#..)).......
....)............##.#.o...)..#.#.
.....).[.........#o.o.3...)..##..
.)...[)............####..#o)...#
.................3.# ####8...8#
................@..# #.oo..#
..............[....## #.o...#
..............รท.....## #o....#
..............#[.....# .h......
...............)...##### ........
...............[.....8.. ........
........................
........................
...................^....


You could see an orc high priest, a sixfirhy and an orc.

Vanquished Creatures
  Jorgrun (Orc:2)
  A stone giant (Orc:1)
  A fire dragon (D:15)
  Fannar (D:10)
  Harold (Lair:2)
  6 hydras
  3 catoblepae (Lair:6)
  5 centaur warriors
  A death knight (D:14)
  Erica (Lair:2)
  The ghost of Tramtrist the Cleaver, a novice DDFi of Makhleb (D:9)
  2 two-headed ogres (D:15)
  6 death yaks (Lair:6)
  9 skeletal warriors
  3 orc knights (Orc:2)
  A phantasmal warrior (D:14)
  2 deep elf magi
  An orc sorcerer (Orc:2)
  6 cyclopes
  8 ugly things
  4 centaur zombies
  3 manticores
  3 centaur skeletons
  4 black mambas
  6 spiny frogs
  An efreet (D:15)
  A kobold demonologist (D:14)
  9 komodo dragons
  A freezing wraith (D:14)
  A yaktaur (D:14)
  A hornet (D:15)
  A merfolk (D:14)
  5 trolls
  A meliai (shapeshifter) (D:15)
  23 blink frogs
  4 slime creatures (D:12)
  9 hippogriffs
  6 redbacks (D:13)
  A shadow (D:13)
  A spriggan (D:14)
  A hog (shapeshifter) (D:14)
  40 yaks
  3 basilisks
  A fire elemental (D:13)
  A wyvern (Lair:4)
  3 vampire mosquitoes (D:13)
  5 hungry ghosts
  A redback simulacrum (D:15)
  3 wargs
  14 water moccasins
  12 porcupines
  11 orc warriors
  2 phantoms
  4 black bears
  4 ice beasts
  3 sky beasts
  11 wolves
  6 ogres
  15 crocodiles
  12 centaurs
  2 big kobolds
  14 bullfrogs
  3 scorpions
  A water moccasin skeleton (D:4)
  A hornet simulacrum (D:15)
  4 wights (D:6)
  6 howler monkeys
  2 electric eels (Lair:6)
  7 jellies
  A crimson imp (D:14)
  A quasit (D:11)
  A bullfrog zombie (D:10)
  7 hounds
  27 orc wizards
  2 bullfrog skeletons
  11 orc priests
  Jessica (D:15)
  4 iguanas
  Terence (D:2)
  6 worker ants
  A killer bee zombie (D:6)
  A hound skeleton (D:7)
  A worker ant zombie (D:6)
  9 gnolls
  13 adders
  3 shadow imps
  12 white imps (D:14)
  2 oozes
  An adder zombie (D:5)
  2 worms (D:2)
  A dart slug (D:4)
  9 leopard geckos
  48 orcs
  2 ball pythons (D:1)
  6 bats
  4 giant cockroaches
  10 hobgoblins
  19 jackals
  2 quokkas
  4 frilled lizards
  8 goblins
  A jackal zombie (D:6)
  17 kobolds
  A leopard gecko skeleton (D:6)
  A quokka skeleton (D:6)
  A quokka zombie (D:5)
  6 rats
  2 bushes (D:4)
  7 fungi
  8 plants
601 creatures vanquished.

Vanquished Creatures (collateral kills)
  A fire giant (D:14)
  An orc warlord (Orc:2)
  Snorg (Lair:6)
  A yaktaur captain (D:14)
  A great orb of eyes (D:9)
  An ice dragon (D:15)
  3 hydras
  2 two-headed ogres
  A death yak (Lair:4)
  A skeletal warrior (D:13)
  A lindwurm (Lair:5)
  A necromancer (D:13)
  6 ugly things (D:14)
  An orc knight (Orc:2)
  A gargoyle (D:13)
  A troll (Orc:2)
  2 slime creatures (D:12)
  A hippogriff (D:8)
  A dream sheep (Lair:4)
  4 blink frogs (Lair:6)
  6 yaks (Lair:6)
  A warg (Orc:2)
  A water moccasin (Lair:6)
  2 orc warriors (Orc:2)
  An ogre (D:8)
  A crocodile (Lair:2)
  A butterfly (Lair:6)
45 creatures vanquished.

Vanquished Creatures (others)
  Sonja (Orc:2)
  An orc (Orc:1)
  33 fungi
  16 plants
51 creatures vanquished.

Grand Total: 697 creatures vanquished

Notes
Turn   | Place    | Note
-------+----------+-------------------------------------------
     0 | D:1      | smcx the Minotaur Berserker began the quest for the Orb.
     0 | D:1      | Reached XP level 1. HP: 19/19 MP: 0/0
   243 | D:1      | Reached XP level 2. HP: 27/27 MP: 1/1
   592 | D:1      | Reached XP level 3. HP: 33/33 MP: 2/2
  1012 | D:2      | Reached ** piety under Trog
  1812 | D:3      | Noticed Terence
  1816 | D:2      | Reached XP level 4. HP: 41/41 MP: 3/3
  1817 | D:2      | Killed Terence
  2308 | D:3      | Reached XP level 5. HP: 47/47 MP: 4/4
  2313 | D:3      | Reached skill level 5 in Fighting
  2313 | D:3      | Reached skill level 5 in Axes
  2764 | D:3      | Reached XP level 6. HP: 53/56 MP: 5/5
  2942 | D:3      | Found an opulent altar of Gozag.
  3178 | D:4      | Reached skill level 5 in Armour
  3182 | D:4      | Reached *** piety under Trog
  3312 | D:4      | Found a burning altar of Makhleb.
  3314 | D:4      | Found a white marble altar of Elyvilon.
  3813 | D:4      | Reached XP level 7. HP: 63/63 MP: 6/6
  4583 | D:4      | Received a gift from Trog
  4720 | D:5      | Entered Level 5 of the Dungeon
  5025 | D:5      | Reached skill level 1 in Shields
  5124 | D:5      | Reached **** piety under Trog
  5232 | D:5      | Found a staircase to the Ecumenical Temple.
  5370 | Temple   | Entered the Ecumenical Temple
  5526 | D:6      | Reached XP level 8. HP: 73/73 MP: 7/7
  6463 | D:6      | Reached XP level 9. HP: 82/82 MP: 8/8
  6832 | D:6      | Reached skill level 5 in Shields
  7896 | D:7      | Reached ***** piety under Trog
  8681 | D:8      | Found a staircase to the Lair.
  8939 | D:8      | Reached XP level 10. HP: 93/93 MP: 9/9
  9180 | D:8      | Noticed a two-headed ogre
  9189 | D:8      | Killed a two-headed ogre
  9189 | D:8      | Reached skill level 10 in Fighting
  9189 | D:8      | Reached skill level 10 in Axes
  9402 | D:8      | Found a radiant altar of Vehumet.
  9657 | D:9      | Found an iron altar of Okawaru.
  9736 | D:9      | Found a bloodstained altar of Trog.
  9813 | D:9      | Found a staircase to the Orcish Mines.
 10204 | D:9      | Found a runed translucent door.
 10204 | D:9      | Noticed a great orb of eyes
 10223 | D:9      | Noticed Tramtrist's ghost (novice DDFi)
 10229 | D:9      | Killed a great orb of eyes
 10229 | D:9      | Reached skill level 10 in Armour
 10238 | D:9      | Killed Tramtrist's ghost
 10439 | D:9      | Found an ancient bone altar of Kikubaaqudgha.
 10489 | D:10     | Entered Level 10 of the Dungeon
 10727 | D:10     | Noticed Fannar
 10760 | D:10     | Killed Fannar
 10882 | D:10     | Reached XP level 11. HP: 94/102 MP: 10/10
 11078 | D:10     | Found a burning altar of Makhleb.
 11302 | D:11     | Noticed a red ugly thing
 11307 | D:11     | Killed a red ugly thing
 11669 | Lair:1   | Entered Level 1 of the Lair of Beasts
 12027 | Lair:1   | Reached skill level 10 in Shields
 12794 | Lair:2   | Noticed Erica
 12830 | Lair:2   | Killed Erica
 12830 | Lair:2   | Reached XP level 12. HP: 79/113 MP: 11/11
 12897 | Lair:2   | Noticed an eight-headed hydra
 12947 | Lair:2   | Killed an eight-headed hydra
 13203 | Lair:2   | Noticed Harold
 13217 | Lair:2   | Killed Harold
 13825 | Lair:3   | Found a staircase to the Snake Pit.
 13907 | Lair:3   | Noticed a six-headed hydra
 13915 | Lair:3   | Killed a six-headed hydra
 14043 | Lair:3   | Found a sparkling altar of Nemelex Xobeh.
 14088 | Lair:3   | Received a gift from Trog
 14636 | Lair:4   | Found a staircase to the Swamp.
 14894 | Lair:4   | Found an iron altar of Okawaru.
 15291 | Lair:4   | Noticed a four-headed hydra
 15291 | Lair:4   | Noticed a death yak
 15291 | Lair:4   | Noticed a four-headed hydra
 15310 | Lair:4   | Killed a five-headed hydra
 15314 | Lair:4   | Killed a four-headed hydra
 15327 | Lair:4   | Killed a death yak
 15327 | Lair:4   | Reached XP level 13. HP: 48/122 MP: 12/12
 16403 | Lair:5   | Found a viscous altar of Jiyva.
 16403 | Lair:5   | Found a staircase to the Slime Pits.
 16588 | Lair:6   | Entered Level 6 of the Lair of Beasts
 17074 | Lair:6   | Noticed Snorg
 17097 | Lair:6   | Killed Snorg
 19309 | D:12     | Reached XP level 14. HP: 113/133 MP: 13/13
 19456 | D:12     | You fall through a shaft for 2 floors!
 19477 | D:14     | Found Risupnem's Gadget Shoppe.
 20038 | D:13     | Reached skill level 15 in Fighting
 20048 | D:13     | Reached skill level 15 in Axes
 20297 | D:13     | Reached skill level 15 in Armour
 20568 | D:13     | Found a gate to the Vaults.
 20992 | D:14     | Found Egon's Weapon Emporium.
 21146 | D:14     | Noticed a fire giant
 21158 | D:14     | Killed a fire giant
 21285 | D:14     | Identified the Collected Works on Dusty Companions
 22399 | D:15     | Entered Level 15 of the Dungeon
 23107 | D:15     | Found a staircase to the Depths.
 23277 | D:15     | Received a gift from Trog
 23465 | D:15     | Reached XP level 15. HP: 144/144 MP: 14/14
 23546 | D:15     | Noticed Jessica
 23558 | D:15     | Killed Jessica
 23559 | D:15     | Found a deep blue altar of Sif Muna.
 24269 | Orc:1    | Entered Level 1 of the Orcish Mines
 24285 | Orc:1    | Noticed Sonja
 24388 | Orc:2    | Entered Level 2 of the Orcish Mines
 24476 | Orc:1    | HP: 1/144 [orc priest/divine providence (16)]
 24487 | Orc:2    | Noticed Jorgrun
 24492 | Orc:2    | Killed Sonja
 25074 | Orc:2    | Paralysed by an orc sorcerer for 7 turns
 25271 | Orc:2    | Reached skill level 15 in Shields
 25313 | Orc:2    | Killed Jorgrun
 25545 | Orc:2    | Noticed an orc warlord
 25557 | Orc:2    | Killed an orc warlord
 25574 | Orc:2    | HP: 7/144 [orc high priest/divine providence (14)]
 25577 | Orc:2    | Killed from afar by an orc high priest

Skill      XL: |  1  2  3  4  5  6  7  8  9 10 11 12 13 14 15 |
---------------+----------------------------------------------+-----
Fighting       | 4 5 6 7 8 9 11 12 13 14 16 | 16.3
Axes           | 4 5 6 7 8 9 11 12 13 14 15 16 | 16.2
Armour         | 3 4 5 6 8 9 10 12 13 14 15 16 | 16.1
Shields        | 1 4 6 8 10 12 13 14 15 | 15.0
Dodging        | |  2.1

Action                   |  1- 3 |  4- 6 |  7- 9 | 10-12 | 13-15 || total
-------------------------+-------+-------+-------+-------+-------++-------
Melee: Hand axe          |    94 |    77 |       |       |       ||   171
       Headbutt          |    10 |    24 |    63 |   143 |   243 ||   483
       War axe           |       |    73 |   323 |   579 |   813 ||  1788
       Mace              |       |       |       |    26 |    23 ||    49
Throw: Throwing net      |       |       |       |     1 |     2 ||     3
Invok: Berserk           |     1 |     1 |     3 |     5 |     8 ||    18
       Brothers in Arms  |       |       |     1 |     8 |    16 ||    25
       Trog's Hand       |       |       |       |       |     2 ||     2
Evoke: Wand              |       |       |       |       |     2 ||     2
  Use: Scroll            |       |     1 |     5 |     8 |    12 ||    26
       Potion            |       |     1 |       |     1 |    15 ||    17
 Stab: Distracted        |       |       |       |       |     2 ||     2
       Petrifying        |       |       |       |       |     1 ||     1
  Eat: Chunk             |     4 |     7 |    15 |    14 |    18 ||    58
       Ration            |       |       |     2 |     6 |     9 ||    17
Armor: Ring mail         |    24 |       |       |       |       ||    24
       Scale mail        |       |    17 |       |       |    24 ||    41
       Chain mail        |       |    68 |   128 |     1 |       ||   197
       Plate armour      |       |       |       |   198 |   294 ||   492
       Ice dragon scales |       |       |       |       |    77 ||    77
Dodge: Dodged            |    48 |    80 |    72 |   109 |   158 ||   467
Block: Shield            |       |       |   101 |    70 |       ||   171
       Large shield      |       |       |       |   357 |   869 ||  1226
